 Dungeon Crawl Stone Soup version 0.23-a0-622-g59b4ea9 (console) character file.

33 bli the Skirmisher (level 3, -1/30 HPs)
             Began as a Formicid Abyssal Knight on Dec 23, 2018.
             Was a Follower of Lugonu.
             Slain by an adder (3 damage)
             ... on level 2 of the Dungeon.
             The game lasted 00:03:49 (1072 turns).

bli the Skirmisher (Formicid Abyssal Knight)        Turns: 1072, Time: 00:03:50

Health: -1/30      AC:  3    Str: 17    XL:     3   Next: 47%
Magic:  4/4        EV: 11    Int: 11    God:    Lugonu [*.....]
Gold:   100        SH:  0    Dex: 10    Spells: 2/2 levels left

rFire    . . .     SeeInvis +   a - +1 mace (drain)
rCold    . . .     Gourm    .   (no shield)
rNeg     . . .     Faith    .   g - +0 leather armour
rPois    .         Spirit   .   (helmet unavailable)
rElec    .         Reflect  .   (no cloak)
rCorr    .         Harm     .   (no gloves)
MR       .....                  (no boots)
Stlth    +.........             (no amulet)
HPRegen  0.10/turn              (no ring)
MPRegen  0.09/turn              (no ring)

@: lethally poisoned (-1 -> -11)
A: permanent stasis, dig shafts and tunnels, four strong arms, antennae 3
a: Dig, Shaft Self, Depart the Abyss, Renounce Religion


You were on level 2 of the Dungeon.
You worshipped Lugonu.
Lugonu was aware of your devotion.
You were not hungry.

You visited 1 branch of the dungeon, and saw 2 of its levels.
You visited the Abyss 1 time.

You collected 100 gold pieces.

Inventory:

Hand Weapons
 a - a +1 mace of draining (weapon)
 b - a +1 hand axe
Armour
 g - a +0 leather armour (worn)
 h - a +0 chain mail
 i - a +0 scale mail
Scrolls
 d - a scroll of identify {unknown}
 e - 3 scrolls of teleportation {unknown}
 k - a scroll of fog {unknown}
Potions
 f - a potion of degeneration {unknown}
 j - a potion of berserk rage {unknown}
 m - a potion of curing {unknown}
Comestibles
 c - 4 rations
 l - a chunk of flesh


   Skills:
 * Level 4.1 Fighting
 + Level 2.2(2.4) Axes
 * Level 1.0(1.8) Maces & Flails
 + Level 2.4 Armour
 + Level 0.8 Dodging
 - Level 2.1 Invocations


You had 2 spell levels left.
You didn't know any spells.
Your spell library was empty.

Dungeon Overview and Level Annotations

Branches:
Dungeon (2/15)

Altars:


Innate Abilities, Weirdness & Mutations

You cannot be hasted, slowed, berserked, paralysed or teleported.
You can dig through walls and to a lower floor.
Your four strong arms can wield two-handed weapons with a shield.
You have a pair of large antennae on your head. (SInv)


Message History

The adder poisons you!
You closely miss the adder.
The adder is heavily wounded.
* * * LOW HITPOINT WARNING * * *
You feel sick.
The adder bites you but does no damage. x2
You hit the adder but do no damage.
The adder is heavily wounded.
The adder barely misses you. The adder completely misses you.
You closely miss the adder.
The adder is heavily wounded.
* * * LOW HITPOINT WARNING * * *
You feel sick. The adder bites you.
* * * LOW HITPOINT WARNING * * *
You are more poisoned.
The adder poisons you!
You hit the adder but do no damage.
The adder is moderately wounded.
* * * LOW HITPOINT WARNING * * *
You feel sick. The adder bites you.
You die...

.# .## ..# ..#
##..#
.#######...#
......S@...#
###########.#.#
#......####....#
....##.#)...#..#
#.#.##.#.##...##
#.#.##.#.###.##
##.#.##.#.###.#
##.............#
#..........#####
#....###.###
#รท#.## #.#


You could see an adder.

Vanquished Creatures
  An ooze (D:1)
  A dart slug (D:2)
  2 leopard geckos (D:1)
  5 goblins (D:1)
  4 hobgoblins
  A bat (D:1)
  2 frilled lizards (D:1)
  5 kobolds (D:1)
  2 rats (D:1)
23 creatures vanquished.

Notes
Turn   | Place    | Note
-------+----------+-------------------------------------------
     0 | Abyss:1  | bli the Formicid Abyssal Knight began the quest for the
                  | Orb.
     0 | Abyss:1  | Reached XP level 1. HP: 18/18 MP: 2/2
    85 | Abyss:1  | Noticed a chaos spawn
    90 | D:1      | Escaped the Abyss
   307 | D:1      | Reached XP level 2. HP: 12/25 MP: 3/3
   558 | D:1      | Reached skill level 4 in Fighting
   593 | D:1      | Reached * piety under Lugonu
   645 | D:1      | Reached XP level 3. HP: 23/30 MP: 4/4
  1023 | D:2      | Reached skill level 1 in Maces & Flails
  1072 | D:2      | Slain by an adder

Vault maps used:
D:1:      nzn_arrival_crosshair
D:2:      first_ration, st_stairs_1

Skill      XL: |  1  2  3 |
---------------+----------+-----
Fighting       | 4 |  4.1
Maces & Flails | 1 |  1.0
Axes           | |  2.2
Armour         | |  2.4
Dodging        | |  0.8
Invocations    | |  2.1

Action                   || total
-------------------------++-------
Melee: Mace              ||    64
       Hand axe          ||     6
Invok: Depart the Abyss  ||     1
 Abil: Dig               ||     2
  Eat: Chunk             ||     1
Armor: Leather armour    ||    17
Dodge: Dodged            ||    40

Table legend:
 A = Non-vault XP
 B = Vault XP
 C = Vault XP percentage of total XP
 D = Non-vault monster count
 E = Vault monster count
 F = Vault count percentage of total count
                 A         B        C        D         E       F
            +---------+---------+-------+---------+---------+-------
      Total |      48 |       0 |   0.0 |      23 |       0 |   0.0
            +---------+---------+-------+---------+---------+-------
        D:1 |      42 |       0 |   0.0 |      21 |       0 |   0.0
        D:2 |       6 |       0 |   0.0 |       2 |       0 |   0.0
            +---------+---------+-------+---------+---------+-------
